 Dungeon Crawl Stone Soup version 0.19.0-19-g8c6edcc (webtiles) character file.

61 MaikelOrtega the Skirmisher (level 4, 0/41 HPs)
             Began as a Hill Orc Abyssal Knight on Nov 15, 2016.
             Was a Follower of Lugonu.
             Slain by an orc
             ... wielding a +0 flail of distortion
              (11 damage)
             ... on level 3 of the Dungeon.
             The game lasted 00:12:57 (1368 turns).

MaikelOrtega the Skirmisher (HOAK)                  Turns: 1368, Time: 00:12:58

Health: 0/41       AC:  9    Str: 15    XL:     4   Next: 7%
Magic:  6/6        EV: 10    Int: 12    God:    Lugonu [*.....]
Gold:   82         SH:  0    Dex: 10    Spells: 0 memorised, 3 levels left

rFire  . . .     SeeInvis .     e - +2 whip (elec)
rCold  . . .     Gourm    .     h - +4 ring mail {rPois}
rNeg   . . .     Faith    .     (no shield)
rPois  +         Spirit   .     (no helmet)
rElec  .         Reflect  .     (no cloak)
rCorr  .         Harm     .     (no gloves)
MR     .....                    (no boots)
Stlth  ..........               (no amulet)
                                (no ring)
                                (no ring)

@: no status effects
A: no striking features
a: Depart the Abyss, Renounce Religion


You were on level 3 of the Dungeon.
You worshipped Lugonu.
Lugonu was aware of your devotion.
You were not hungry.

You visited 1 branch of the dungeon, and saw 3 of its levels.
You visited the Abyss 1 time.

You collected 82 gold pieces.

Inventory:

Hand Weapons
 a - a +1 spear
 e - a +2 whip of electrocution (weapon)
 i - a +0 short sword
Missiles
 m - 28 bolts
Armour
 b - a +0 leather armour
 d - a +0 leather armour
 h - a +4 ring mail of poison resistance (worn)
 j - a +0 robe
Potions
 k - a potion of might {unknown}
 l - a potion of brilliance {unknown}
Comestibles
 c - a bread ration
 f - 4 fruits
 g - a slice of pizza


   Skills:
 + Level 4.6 Fighting
 * Level 0.9 Maces & Flails
 + Level 2.5 Polearms
 + Level 2.6 Armour
 - Level 0.8 Dodging
 + Level 0.1 Stealth
 * Level 3.1 Invocations


You had 3 spell levels left.
You didn't know any spells.

Dungeon Overview and Level Annotations

Branches:
Dungeon (3/15)

Altars:


Message History

Aim: an orc, wielding a trident and wearing a leather armour (severely wounded)
You reach to attack!
You hit the orc.
You kill the orc!
Lugonu accepts your kill. The orc barely misses you.
You barely miss the orc. The orc barely misses you.
Wield which item (- for none, * to show all)? (? for menu, Esc to quit)
You hear the crackle of electricity.
e - a +2 whip of electrocution (weapon)
The orc throws a tomahawk.
The tomahawk hits you. The orc hits you but does no damage.
You closely miss the orc. The orc hits you but does no damage.
You hit the orc.
The orc is severely wounded.
The orc hits you but does no damage. Space warps horribly around you!
Ouch! That really hurt!
* * * LOW HITPOINT WARNING * * *
The orc hits you but does no damage. The orc hits you but does no damage.
Space warps horribly around you!
You die...

# #. #.
###.###
#...).#
###...oo#####
#.....†(@...#
#.#.....###.#
#...#.#
#..###. #=# #
#. . .


You could see 2 orcs.

Vanquished Creatures
  2 adders
  2 dart slugs
  An orc (D:3)
  3 bats (D:1)
  A giant cockroach (D:1)
  3 goblins (D:1)
  7 hobgoblins (D:1)
  3 jackals
  5 kobolds
  A quokka (D:2)
  4 frilled lizards
  3 rats (D:1)
35 creatures vanquished.

Notes
Turn   | Place    | Note
-------+----------+-------------------------------------------
     0 | Abyss:1  | MaikelOrtega the Hill Orc Abyssal Knight began the quest for the Orb.
     0 | Abyss:1  | Reached XP level 1. HP: 19/19 MP: 2/2
     0 | D:1      | Escaped the Abyss
     4 | D:1      | Noticed an electric eel
     5 | D:1      | Noticed an electric eel
   106 | D:1      | HP: 1/20 [frilled lizard (3)]
   528 | D:1      | Reached * piety under Lugonu
   528 | D:1      | Reached XP level 2. HP: 27/27 MP: 3/3
   529 | D:1      | Reached skill level 4 in Fighting
   838 | D:1      | Reached XP level 3. HP: 33/33 MP: 5/5
  1358 | D:3      | Reached XP level 4. HP: 41/41 MP: 6/6
  1368 | D:3      | Slain by an orc

Skill      XL: |  1  2  3 |
---------------+----------+-----
Fighting       | 4 |  4.6
Invocations    | 3 |  3.1
Maces & Flails | |  0.9
Polearms       | |  2.5
Armour         | |  2.6
Dodging        | |  0.8
Stealth        | |  0.1

Action                   |  1- 3 |  4- 6 || total
-------------------------+-------+-------++-------
Melee: Spear             |    68 |     6 ||    74
       Whip              |    41 |     2 ||    43
Invok: Depart the Abyss  |     1 |       ||     1
  Use: Scroll            |     4 |       ||     4
  Eat: Pizza             |     1 |       ||     1
Armor: Leather armour    |    33 |       ||    33
       Ring mail         |    20 |     5 ||    25
Dodge: Dodged            |    67 |     4 ||    71
